 Dungeon Crawl Stone Soup version 0.30-a0-718-geaa24f58ff (webtiles) character file.

Game seed: 8706122452665883902

158 ASSMAN the Ruffian (level 5, -6/45 HPs)
             Began as a Troll Hedge Wizard on Jan 25, 2023.
             Was an Initiate of Kikubaaqudgha.
             Mangled by Blork the orc
             ... wielding a +0 halberd
              (13 damage)
             ... on level 4 of the Dungeon.
             The game lasted 00:02:49 (2165 turns).

ASSMAN the Ruffian (Troll Hedge Wizard)             Turns: 2165, Time: 00:02:50

Health: -6/45      AC:  4    Str: 18    XL:     5   Next: 16%
Magic:  7/7        EV:  9    Int: 12    God:    Kikubaaqudgha [......]
Gold:   154        SH:  0    Dex:  9    Spells: 7/8 levels left

rFire   . . .      SeeInvis .      - Unarmed
rCold   . . .      Faith    .    (no shield)
rNeg    . . .      Spirit   .    b - +0 robe
rPois   .          Reflect  .    c - +0 hat
rElec   .          Harm     .    (no cloak)
rCorr   .          Rampage  .    (gloves unavailable)
Will    .....                    (boots unavailable)
Stlth   +                        (no amulet)
HPRegen 1.07/turn                (no ring)
MPRegen 0.10/turn                (no ring)

@: no status effects
A: large, unfitting armour, claws 3, regeneration 1, shaggy fur 1, tough skin 1
a: Renounce Religion


You were on level 4 of the Dungeon.
You worshipped Kikubaaqudgha.
Kikubaaqudgha was noncommittal.
You visited 1 branch of the dungeon, and saw 4 of its levels.

You collected 154 gold pieces.

Inventory:

Armour
 b - a +0 robe (worn)
 c - a +0 hat (worn)
Magical Staves
 p - a staff of conjuration
Jewellery
 q - an amulet of regeneration
Wands
 m - a wand of iceblast (22)
Scrolls
 f - 5 scrolls of fog {unknown}
 g - 2 scrolls of poison {unknown}
 j - 2 scrolls of identify {unknown}
 l - a scroll of blinking {unknown}
 o - 2 scrolls of teleportation {unknown}
 t - a scroll of magic mapping {unknown}
 u - a scroll of enchant weapon {unknown}
Potions
 a - 4 potions of brilliance {unknown}
 d - a potion of magic
 e - 3 potions of haste {unknown}
 h - a potion of attraction {unknown}
 i - 2 potions of flight {unknown}
 k - 2 potions of cancellation {unknown}
 n - a potion of degeneration {unknown}
 r - a potion of invisibility {unknown}
 s - a potion of curing {unknown}


   Skills:
 - Level 1.5 Dodging
 - Level 1.0 Stealth
 + Level 4.9 Unarmed Combat
 - Level 2.0 Spellcasting
 - Level 0.6 Conjurations
 - Level 0.6 Summonings
 - Level 0.6 Translocations


You had 7 spell levels left.
You knew the following spells:

 Your Spells              Type           Power      Damage    Failure   Level
a - Magic Dart            Conj           8%         1d3       22%         1

Your spell library contained the following spells:

 Spells                   Type           Power      Damage    Failure   Level
 Slow                     Hex            4%         N/A       26%         1
 Blink                    Tloc           4%         N/A       32%         2
 Call Imp                 Summ           2%         N/A       32%         2
 Lesser Beckoning         Tloc           4%         N/A       32%         2
 Cigotuvi's Dreadful Rot  Necr/Pois/Air  2%         N/A       38%         2
 Gell's Gravitas          Tloc           2%         N/A       54%         3
 Teleport Other           Tloc           2%         N/A       54%         3
 Mephitic Cloud           Conj/Pois/Air  1%         N/A       58%         3


Dungeon Overview and Level Annotations

Branches:
Dungeon (4/15)
 Temple: D:4-7

Altars:
Kikubaaqudgha

Shops:
D:1 ?[=[

Annotations:
D:4 Blork the orc


Innate Abilities, Weirdness & Mutations

You are too large for most types of armour.
You have claws for hands.
Your natural rate of healing is unusually fast.
You are covered in fur. (AC +1)
You have tough skin. (AC +1)


Message History

Blork the orc comes into view.
He is wielding a +0 halberd.
Blork the orc shouts!
Blork the orc mumbles some strange words.
Blork the orc seems to speed up.
Blork the orc barely misses you.
Blork the orc hits you with a +0 halberd! x2
You are too injured to fight recklessly!
You are too injured to fight recklessly!
You are too injured to fight recklessly!
You barely miss Blork the orc. Blork the orc closely misses you.
You closely miss Blork the orc.
Blork the orc looks braver for a moment.
Throw: throwing net
Press: ? - help, Q - select action, (/) - cycle Shift-Dir - straight line, f - Blork the orc
Aim: Blork the orc, wielding a +0 halberd and wearing a +0 robe (fast, 56% to hit)
You throw a throwing net. The throwing net hits Blork the orc.
Blork the orc is caught in the net!
Blork the orc struggles against the net.
Blork the orc points at you and mumbles some strange words.
The puff of flame misses you.
Blork the orc struggles against the net.
You barely miss Blork the orc. You scratch Blork the orc.
Blork the orc is lightly wounded.
Blork the orc struggles against the net.
The net rips apart, and Blork the orc comes free!
You closely miss Blork the orc.
Blork the orc is lightly wounded.
Blork the orc hits you with a +0 halberd!
* * * LOW HITPOINT WARNING * * *
Blork the orc hits you with a +0 halberd!
* * * LOW HITPOINT WARNING * * *
You closely miss Blork the orc.
Blork the orc is lightly wounded.
Blork the orc miscasts a cantrip.
You barely miss Blork the orc.
Blork the orc is lightly wounded.
Blork the orc hits you with a +0 halberd!
You die...
Kikubaaqudgha rasps: "You have failed me!
Welcome... death!"

#. #. #. #. #.
#. #o#### #.@..#
####.# #.# #.#
#.## #.# #.#
.... #.# ##.##
..... #.# #...#
..... #.# #...#
......
#.###...##......
#......)........


You could see Blork the orc (fast).

Vanquished Creatures
  3 adders
  4 gnolls (D:4)
  4 worms
  3 dart slugs
  7 orcs (D:3)
  10 ball pythons
  5 endoplasms
  2 giant cockroaches
  6 goblins
  7 hobgoblins
  4 jackals (D:2)
  5 kobolds
  A quokka (D:1)
  4 bats
  4 rats
69 creatures vanquished.

Vanquished Creatures (others)
  An orc (D:3)
1 creature vanquished.

Grand Total: 70 creatures vanquished

Notes
Turn   | Place    | Note
-------+----------+-------------------------------------------
     0 | D:1      | ASSMAN the Troll Hedge Wizard began the quest for the Orb.
     0 | D:1      | Reached XP level 1. HP: 16/16 MP: 2/2
   159 | D:1      | Reached skill level 1 in Unarmed Combat
   251 | D:1      | Reached XP level 2. HP: 16/24 MP: 4/4
   265 | D:1      | Reached skill level 2 in Unarmed Combat
   349 | D:1      | Found Cakyneil's Jewellery Boutique.
   356 | D:1      | Found Oxeonwuxt's Magic Scroll Shoppe.
   529 | D:1      | Reached XP level 3. HP: 31/31 MP: 5/5
   583 | D:1      | Found Zueba's Armour Shoppe.
   733 | D:1      | Found Fuidyd's Armour Shoppe.
   845 | D:2      | Found a faded altar of an unknown god.
   852 | D:2      | Reached skill level 3 in Unarmed Combat
   894 | D:2      | Found an ancient bone altar of Kikubaaqudgha.
   914 | D:2      | Became a worshipper of Kikubaaqudgha
  1103 | D:2      | Reached XP level 4. HP: 38/39 MP: 6/6
  1387 | D:3      | Reached skill level 4 in Unarmed Combat
  2124 | D:4      | Reached XP level 5. HP: 44/45 MP: 7/7
  2155 | D:4      | Noticed Blork the orc
  2165 | D:4      | Mangled by Blork the orc

Illustrated notes

Levels and vault maps discovered:
D:1:      spicycebolla_green_bress_n_ham_2, layout_loops_ring, serial_shops,
          shop_statue, nicolae_lakefront_shop, nicolae_shop_waterfront,
          nicolae_shop_competitors_out_of_business, minmay_pentomino_w4
D:2:      layout_rooms, nicolae_ecumenical_snake_handling, basic_altar,
          kennysheep_decorative_pillar
D:3:      layout_loops_ring, minmay_misc_feat_iff, skrybe_limestone_x
D:4:      layout_loops_ring, minmay_distorted, uniq_blork_the_orc, uniq_grinder,
          uniq_natasha

Skill      XL: |  1  2  3  4 |
---------------+-------------+-----
Unarmed Combat | 1 2 3 4 |  4.9
Dodging        | |  1.5
Stealth        | |  1.0
Spellcasting   | |  2.0
Conjurations   | |  0.6
Summonings     | |  0.6
Translocations | |  0.6

Action                     |  1- 3 |  4- 6 || total
---------------------------+-------+-------++-------
  Melee: Unarmed           |   117 |    70 ||   187
         Dagger            |     3 |       ||     3
         Punch             |       |     1 ||     1
  Throw: Throwing net      |       |     1 ||     1
   Stab: Sleeping          |       |     1 ||     1
 Armour: Robe              |    40 |    16 ||    56
  Dodge: Dodged            |    55 |    28 ||    83

Table legend: (Time is in decaauts)
 A = Elapsed time spent in this place.
 B = Non-inter-level travel time spent in this place.
 C = Inter-level travel time spent in this place.
 D = Time resting spent in this place.
 E = Time spent auto-exploring this place.
 F = Levels seen in this place.
 G = Mean time per level.
                   A        B        C        D        E       F      G
               +--------+--------+--------+--------+--------+-----+--------+
         Total |   2154 |   2055 |     99 |      0 |   1645 |   4 |  538.5 |
       Dungeon |   2154 |   2055 |     99 |      0 |   1645 |   4 |  538.5 |
               +--------+--------+--------+--------+--------+-----+--------+

Top non-repeatable levels by time:
     D:1: 809 daAuts
     D:3: 707 daAuts
     D:2: 485 daAuts
     D:4: 152 daAuts
